AoeStats
← gob b

Arena

504164772Analyzed
2v2 RM · 28d ago on Sep 4, 2026· 31m 37s· 4 players
Game mode
Random Map
Map size
Medium (4 player)
Population
200
Speed
Normal
Resources
Standard
Victory
Conquest
Starting age
Dark Age
Ending age
Imperial Age
RankedLock teamsTeams togetherTeam positionsShared explorationLock speedFull tech treeHidden civsTurbo modeCheats
Victory
Defeat
🇲🇽 Spanish · Mexico
1265
+15
🇹🇼 Celts · Taiwan
1228
+17
🇮🇳 Khitans · India
1247
-16
1245
-16
gob b
11:40 Feudal Age
15:48 Castle Age
13:55 Double-Bit Axe
13:52 Domestication
15:12 Forging
15:28 Gold Mining
22:33 Loom
27:10 Bow Saw
27:48 Scale Mail Armor
28:23 Iron Casting
HuNTeR <3<3<3 Chipdi
0:28 Loom
11:33 Feudal Age
16:23 Castle Age
14:38 Double-Bit Axe
14:55 Horse Collar
lestear
9:27 Loom
11:23 Feudal Age
16:14 Castle Age
14:30 Gold Mining
14:48 Double-Bit Axe
14:54 Horse Collar
15:48 Stone Mining
16:56 Wheelbarrow
16:59 Pikeman
19:29 Scale Mail Armor
26:18 Town Watch
28:50 Bow Saw
29:57 Fletching
31:43 Ballistics
CARAVEO
1:52 Loom
10:42 Feudal Age
15:37 Castle Age
14:41 Double-Bit Axe
15:07 Horse Collar
30:11 Imperial Age
29:44 Scale Barding Armor
31:10 Bloodlines
Connection lost

Rejoining the realm…

Still unreachable

The connection could not be restored.

Session expired

The server has moved on; the page needs a fresh start.